 Dungeon Crawl Stone Soup version 0.24.0-123-gd5b16e6ec5 (webtiles) character file.

Game seed: 9369148559498794800, levelgen mode: deterministic

164 Bergy the Spear-Bearer (level 5, -3/38 HPs)
             Began as a Merfolk Gladiator on Jan 5, 2020.
             Slain by an orc priest
             ... wielding a +0 dagger
              (5 damage)
             ... on level 3 of the Dungeon.
             The game lasted 00:06:53 (2510 turns).

Bergy the Spear-Bearer (Merfolk Gladiator)          Turns: 2510, Time: 00:06:54

Health: -3/38      AC:  4    Str: 16    XL:     5   Next: 45%
Magic:  5/5        EV: 14    Int:  7    God:
Gold:   149        SH:  0    Dex: 15    Spells: 4/4 levels left

rFire    . . .     SeeInvis .   a - +0 trident
rCold    . . .     Gourm    .   (no shield)
rNeg     . . .     Faith    .   b - +0 leather armour
rPois    .         Spirit   .   c - +0 helmet
rElec    .         Reflect  .   (no cloak)
rCorr    .         Harm     .   (no gloves)
MR       .....                  (no boots)
Stlth    +.........             (no amulet)
HPRegen  0.12/turn              q - ring of flight
MPRegen  0.09/turn              (no ring)

@: no status effects
A: change form in water, swift swim, stealthy swim
a: Evoke Flight


You were on level 3 of the Dungeon.
You were not hungry.

You visited 1 branch of the dungeon, and saw 3 of its levels.

You collected 149 gold pieces.

Inventory:

Hand Weapons
 a - a +0 trident (weapon)
Missiles
 d - 3 throwing nets (quivered)
Armour
 b - a +0 leather armour (worn)
 c - a +0 helmet (worn)
Jewellery
 k - a +3 ring of strength {unknown}
 q - a ring of flight (left hand)
Scrolls
 g - a scroll of blinking {unknown}
 l - 3 scrolls of identify
 m - a scroll of noise {unknown}
Potions
 e - a potion of brilliance {unknown}
 n - a potion of curing {unknown}
 o - a potion of haste {unknown}
 p - a potion of mutation {unknown}
Comestibles
 f - 4 rations
 h - a chunk of flesh


   Skills:
 - Level 2.1 Fighting
 * Level 8.6 Polearms
 - Level 2.0 Throwing
 - Level 4.0 Dodging


You had 4 spell levels left.
You didn't know any spells.
Your spell library contained the following spells:

 Spells                   Type           Power        Failure   Level  Hunger
 Animate Skeleton         Necr           N/A          50%         1    ##.....
 Apportation              Tloc           #.....       50%         1    ##.....
 Confusing Touch          Hex            #.....       50%         1    ##.....
 Summon Small Mammal      Summ           #...         50%         1    ##.....


Dungeon Overview and Level Annotations

Branches:
Dungeon (3/15)

Altars:
Wu Jian


Message History

* * * LOW HITPOINT WARNING * * *
You hit the orc priest but do no damage.
You closely miss the orc priest.
The orc priest hits you but does no damage.
You barely miss the orc priest. The orc priest barely misses you.
You puncture the orc priest!
The orc priest is heavily wounded.
The orc priest misses you.
You hit the orc priest.
The orc priest is almost dead.
The orc priest calls down the wrath of Beogh upon you.
Pain shoots through your body!
* * * LOW HITPOINT WARNING * * *
You completely miss the orc priest.
The orc priest is almost dead.
The orc priest misses you.
You closely miss the orc priest.
The orc priest is almost dead.
The orc priest hits you with a +0 dagger.
You die...

####.#..#...(# ###.
#.......##.#.# ...#
####.##.....#.#(# ...#
......#...#.#.#.+....#
####..#.#.......#....#
# #..#.#..####.'....#
# ...#.#(.##<#.#
..##.#..##.#o##
..##.##.....)@#
#######
##.##.##..#.#.)#
#........#
.##.....#.#..#
#........#
####.......#
#........# #....#.##
#........# ###..#.#
#........#
#..#.####........#
#................#
#..#.##.....†....#


You could see an orc priest.

Vanquished Creatures
  An orc priest (D:3)
  6 adders (D:2)
  A worm (D:3)
  A dart slug (D:2)
  3 leopard geckos
  4 orcs (D:3)
  2 ball pythons (D:1)
  3 bats
  4 giant cockroaches
  5 hobgoblins
  6 jackals
  A quokka (D:3)
  4 frilled lizards
  6 goblins
  16 kobolds
  6 rats
69 creatures vanquished.

Notes
Turn   | Place    | Note
-------+----------+-------------------------------------------
     0 | D:1      | Bergy the Merfolk Gladiator began the quest for the Orb.
     0 | D:1      | Reached XP level 1. HP: 16/16 MP: 1/1
    38 | D:1      | Reached skill level 5 in Polearms
   257 | D:1      | Reached XP level 2. HP: 22/22 MP: 2/2
   493 | D:1      | Reached skill level 6 in Polearms
   493 | D:1      | Reached XP level 3. HP: 24/27 MP: 3/3
   928 | D:2      | Found an ornate altar of the Wu Jian Council.
  1139 | D:2      | Reached skill level 7 in Polearms
  1139 | D:2      | Reached XP level 4. HP: 33/33 MP: 4/4
  2023 | D:3      | Reached skill level 8 in Polearms
  2027 | D:3      | Reached XP level 5. HP: 28/38 MP: 5/5
  2508 | D:3      | HP: 1/38 [orc priest/nerve-wracking pain (5)]
  2510 | D:3      | Slain by an orc priest

Levels and vault maps discovered:
D:1:      lemuel_arrival_hallway, layout_rooms
D:2:      layout_basic, nicolae_overflow_hidden_temple, first_ration
D:3:      layout_basic

Skill      XL: |  1  2  3  4 |
---------------+-------------+-----
Polearms       | 5 6 7 8 |  8.6
Fighting       | |  2.1
Throwing       | |  2.0
Dodging        | |  4.0

Action                   |  1- 3 |  4- 6 || total
-------------------------+-------+-------++-------
Melee: Trident           |   121 |   152 ||   273
  Use: Potion            |       |     2 ||     2
       Scroll            |       |     2 ||     2
 Stab: Sleeping          |     1 |       ||     1
  Eat: Chunk             |     1 |     4 ||     5
Armor: Leather armour    |    32 |    26 ||    58
Dodge: Dodged            |    72 |    96 ||   168
